woodfighter, chaotic female human Rogue ---------- |........| |.....<..| |........| --------|- +# # `# # +#############l@## ) + ## ## ### ## --|--- ### ## |.(.`.#################` # --...`| --.---- #%##` # |.....| |....>| #### |......# |......# # |>....|######......| ------- ------- woodfighter the Rogue Experience level: 3 Strength: 13 Dexterity: 19 Constitution: 15 Intelligence: 11 Wisdom: 12 Charisma: 6 Health: 0(26) Energy: 17(17) Def: 4 Gold: 46 Moves: 1314 Dungeon seed [set]: Game ID: woodfighter_1679070796 Your Inventory: Coins $ - 46 gold pieces Weapons a - an uncursed +0 short sword (weapon in hand) b - 13 uncursed +0 daggers (in quiver) Armor e - an uncursed +1 leather armor (being worn) z - an uncursed +0 orcish helm (being worn) Tools s - an uncursed sack Gems n - an uncursed obsidian q - an uncursed amethyst r - 3 uncursed worthless pieces of orange glass Contents of the sack: 199 gold pieces an uncursed scroll of gold detection a [uncursed] scroll of scare monster an uncursed potion of enlightenment an uncursed potion of monster detection an uncursed potion of sickness an uncursed potion of water an uncursed wand of opening (0:3) an uncursed wand of slow monster [0:4] an uncursed blindfold an uncursed lock pick an uncursed lock pick Spells and supernatural/magical abilities: Name Level Category Fail Memory W - pray for help -- divine ? -- Your skills at the end: Miscellaneous Skills wands [Basic] Weapon Skills dagger [Basic] short sword [Basic] Spellcasting Skills Final Attributes: You were piously aligned. You were stunned. Your writing hand was ok. You were somewhat stealthy. You are dead. Vanquished creatures: a giant bat a coyote a gecko a giant rat a jackal a kobold 4 newts 3 goblins 2 grid bugs 2 bats a lichen a kobold zombie 19 creatures vanquished. Voluntary challenges: You did not adorn yourself with jewelry or accessories. You did not cause conflict. You were not invisible. You did not have reflection. You were not displaced. You did not donate to any temples.. You used a wielded weapon 28 times, starting on turn 134. You did not apply a unicorn horn. You did not use plumbed fixtures. You did not drink any magical draughts. You read items or engraved 1 time, starting on turn 361. You never genocided any monsters. You never polymorphed an object. You never changed form. You used no wishes. You did not use any artifacts. You never split a pudding. You never wrote Elbereth's name. You never violated your personal moral code. You enabled loading special bones files. Dungeon overview: The Dungeons of Doom: levels 1 to 4 Level 1 a vault, an altar to Issek, a fountain a long staircase Level 2 an altar to Mog, some fountains Level 3 <- You were here a shop stairs to The Gnomish Mines Level 4 a bench The Gnomish Mines: Level 4 stairs to The Dungeons of Doom History has recorded: On T:1 you entered the Dungeons of Doom to retrieve the Amulet of Yendor! On T:142 you reached level 2 of The Dungeons of Doom. On T:677 you reached level 3 of The Dungeons of Doom. On T:860 you advanced to experience level 2. On T:1128 you reached level 1 of The Gnomish Mines. On T:1147 you reached level 4 of The Dungeons of Doom. On T:1173 you advanced to experience level 3. On T:1288 you prayed to Kos. Score breakdown: Gold: 245 ( 24 points) Experience: 3 levels ( 200 points) Exploration: 4 levels ( 90 points) Discoveries: 11 items ( 550 points) Variety of kills: 12 monsters ( 600 points) Major goal: (nothing yet) ( 0 points) Survival: died (score multiplied by 3) Total score: 4392 Latest messages: The iguana bites! (2x) Sparks fly as you whack the wall. You attack thin air. The iguana bites! Sparks fly as you whack the wall. (2x) The iguana bites! Sparks fly as you whack the wall. Your short sword vibrates violently! You attack thin air. The iguana bites! You attack thin air. Sparks fly as you whack the wall. Your short sword vibrates violently! The iguana bites! Sparks fly as you whack the wall. (2x) Your short sword vibrates violently! The iguana bites! You attack thin air. You hear someone cursing shoplifters. Sparks fly as you whack the wall. The iguana bites! You attack thin air. Sparks fly as you whack the wall. The iguana bites! Sparks fly as you whack the wall. (2x) The iguana bites! You die... Final status: Goodbye woodfighter the Rogue, killed by an iguana... You died in The Dungeons of Doom on dungeon level 3 with 4392 points, and 245 pieces of gold, after 1314 moves. You were level 3 with a maximum of 26 hit points when you died.